Zazza, neutral female human Tourist --------- --------------- ###........| |.............| |...)...| ..............|# |....)..| |..............##############........| |............<|# |..)..I.| --------------- |.....(.| --------- Zazza the Sightseer Experience level: 3 Strength: 11 Dexterity: 9 Constitution: 17 Intelligence: 13 Wisdom: 8 Charisma: 18 Health: 0(32) Energy: 8(8) Def: 1 Gold: 1147 Moves: 2138 Dungeon seed: KnbmSCDQ1zu6ADBY Game ID: Zazza_1581840596 Your Inventory: Coins $ - 1147 gold pieces Amulets X - an uncursed amulet versus poison Weapons a - 17 +2 darts (in quiver) C - a +0 elven dagger (weapon in hand) Armor e - an uncursed +0 Hawaiian shirt (being worn) y - an uncursed +0 orcish helm (being worn) Comestibles c - an uncursed slime mold d - 2 uncursed apples g - an uncursed egg i - an uncursed tripe ration w - 3 uncursed carrots Q - 2 uncursed sprigs of wolfsbane T - an uncursed egg U - an uncursed cram ration V - an uncursed banana Scrolls m - 3 uncursed scrolls of magic mapping q - an uncursed scroll of gold detection v - an uncursed scroll of light x - an uncursed scroll of earth A - a blessed scroll of teleportation F - an uncursed scroll of teleportation P - 2 uncursed scrolls of identify R - an uncursed scroll of amnesia Y - a cursed scroll of magic mapping Potions k - an uncursed potion of extra healing l - an uncursed potion of monster detection r - a blessed potion of fruit juice u - a potion of unholy water E - an uncursed potion of speed G - a cursed potion of booze I - an uncursed potion of extra healing J - 2 blessed potions of healing M - a blessed potion of gain ability S - an uncursed potion of gain energy Z - an uncursed potion of see invisible Rings K - an uncursed ring of invisibility Wands t - a wand of opening (0:2) B - a wand of fire (0:5) Tools n - an expensive camera (0:59) p - a magic flute (0:5) D - an uncursed skeleton key Spells and supernatural/magical abilities: Name Level Category Fail Memory W - pray for help -- divine ? -- Your skills at the end: Fighting Skills Weapon Skills dart [Basic] Spellcasting Skills Final Attributes: You were stridently aligned. You are dead. Vanquished creatures: a small mimic a giant bat an acid blob 2 coyotes a gas spore a hobbit a large kobold a gnome zombie 3 geckos 2 jackals a kobold 3 goblins a sewer rat 4 grid bugs a bat 4 lichens 5 newts 33 creatures vanquished. Voluntary challenges: You used a wielded weapon 21 times, starting on turn 732. You read items or engraved 10 times, starting on turn 451. You never genocided any monsters. You never polymorphed an object. You never changed form. You used no wishes. You never split a pudding. You wrote Elbereth's name 5 times, starting on turn 451. You never violated your personal moral code. Dungeon overview: The Dungeons of Doom: levels 1 to 4 Level 1 a fountain a long staircase Level 2 a fountain a long staircase Level 3 a general store, a fountain Level 4 <- You were here History has recorded: On T:1 you entered the Dungeons of Doom to retrieve the Amulet of Yendor! On T:416 you reached level 2 of The Dungeons of Doom. On T:605 you reached level 3 of The Dungeons of Doom. On T:1020 you advanced to experience level 2. On T:1872 you advanced to experience level 3. On T:1994 you reached level 4 of The Dungeons of Doom. Score breakdown: Gold: 196 ( 7804 points) Experience: 3 levels ( 7878 points) Exploration: 4 levels ( 8.33%) ( 7579 points) Discoveries: 4 items ( 1.34%) ( 3475 points) Valuables value: (no points given unless you survive) Artifact value: 0 ( 0 points) Variety of kills: 17 monsters ( 4.46%) ( 6336 points) Turncount: 2138 turns ( -99 points) Survival: died (score multiplied by 80%) Total score: 26378 Latest messages: You wipe out the message that was written in the dust here. You write in the dust with your fingers. The homunculus bites! Something is written here in the dust. You read: "Elbe5eth". You wipe out the message that was written in the dust here. You write in the dust with your fingers. The homunculus bites! You add to the writing in the dust with your fingers. The homunculus bites! You add to the writing in the dust with your fingers. The homunculus bites! You are put to sleep! It bites! (3x) You die... Final status: Aloha Zazza the Tourist, killed by a homunculus, while sleeping... You died in The Dungeons of Doom on dungeon level 4 with 26378 points, and 1147 pieces of gold, after 2138 moves. You were level 3 with a maximum of 32 hit points when you died.